 Dungeon Crawl Stone Soup version 0.21-a0-110-g8e1637b (webtiles) character file.

29 Lavandula the Vexing (level 3, -2/26 HPs)
             Began as a Mummy Arcane Marksman on July 7, 2017.
             Slain by a leopard gecko (4 damage)
             ... on level 2 of the Dungeon.
             The game lasted 00:01:06 (318 turns).

Lavandula the Vexing (Mummy Arcane Marksman)         Turns: 318, Time: 00:01:06

Health: -2/26      AC:  2    Str: 13    XL:     3   Next: 1%
Magic:  4/5        EV: 12    Int: 12    God:
Gold:   19         SH:  0    Dex: 13    Spells: 1/4 levels left

rFire    x . .     SeeInvis .   a - +0 hand crossbow
rCold    + . .     Gourm    .   (no shield)
rNeg     + + +     Faith    .   e - +0 robe
rPois    ∞         Spirit   .   (no helmet)
rElec    .         Reflect  .   (no cloak)
rCorr    .         Harm     .   (no gloves)
MR       .....                  (no boots)
Stlth    +.........             (no amulet)
HPRegen  0.08/turn              (no ring)
MPRegen  0.09/turn              (no ring)

@: no status effects
A: no food or potions, fire vulnerability, cold resistance 1, negative energy
resistance 3, torment resistance, unbreathing
a: no special abilities


You were on level 2 of the Dungeon.
You were not hungry.

You visited 1 branch of the dungeon, and saw 2 of its levels.

You collected 19 gold pieces.

Inventory:

Hand Weapons
 a - a +0 hand crossbow (weapon)
Missiles
 d - 16 bolts (quivered)
Armour
 e - a +0 robe (worn)
Books
 c - a book of Debilitation

   Spells                             Type                      Level
   a - Corona                         Hexes                        1
   b - Slow                           Hexes                        2
   c - Inner Flame                    Hexes/Fire                   3
   d - Portal Projectile              Hexes/Translocation          3
   e - Cause Fear                     Hexes                        4
   f - Leda's Liquefaction            Hexes/Earth                  4


   Skills:
 - Level 1.0 Fighting
 + Level 2.7 Crossbows
 - Level 1.7 Dodging
 - Level 1.3 Spellcasting
 - Level 2.8 Hexes


You had one spell level left.
You knew the following spells:

 Your Spells              Type           Power        Failure   Level  Hunger
a - Corona                Hex            #......      10%         1    N/A
b - Slow                  Hex            #.......     14%         2    N/A

Dungeon Overview and Level Annotations

Branches:
Dungeon (2/15)

Altars:


Innate Abilities, Weirdness & Mutations

You do not eat or drink.
Your flesh is vulnerable to fire.
You are immune to poison.
Your flesh is cold resistant. (rC+)
You are immune to negative energy. (rN+++)
You are immune to unholy pain and torment.
You can survive without breathing.


Message History

Wield which item (- for none, * to show all)? (? for menu, Esc to quit)
Okay, then.
Casting: Corona
Confirm with . or Enter, or press ? or * to list all spells.
Aiming: Corona
Press: ? - help, Shift-Dir - straight line, f - hobgoblin
Aim: a hobgoblin, wielding a club (chance to defeat MR: 59%)
The hobgoblin struggles to resist.
The hobgoblin hits you but does no damage.
The leopard gecko bites you. The hobgoblin hits you with a club.
You climb downwards.
There is a stone staircase leading up here.
Unknown command.
The leopard gecko bites you.
* * * LOW HITPOINT WARNING * * *
The hobgoblin completely misses you. The leopard gecko bites you.
* * * LOW HITPOINT WARNING * * *
The leopard gecko bites you.
You die...

.#.......# #...$
.#.......# #....#
##.####### #....# #.#
....# #.# ...#### #.#
####### #+#....# #.#
#.....# #.#....# #.#
#.....# #..g.<.#
#.###.....###..@l..#
#...)..............#
....................#
######.....###......#
#.....# #.#....#
####### ########


You could see a leopard gecko and a hobgoblin.

Vanquished Creatures
  2 adders (D:2)
  2 bats (D:1)
  3 hobgoblins
  A frilled lizard (D:1)
  A kobold (D:2)
  3 rats
12 creatures vanquished.

Notes
Turn   | Place    | Note
-------+----------+-------------------------------------------
     0 | D:1      | Lavandula the Mummy Arcane Marksman began the quest for the Orb.
     0 | D:1      | Reached XP level 1. HP: 15/15 MP: 2/2
   103 | D:2      | Reached XP level 2. HP: 7/21 MP: 0/4
   296 | D:2      | Reached XP level 3. HP: 15/26 MP: 3/5
   300 | D:2      | Learned a level 2 spell: Slow
   318 | D:2      | Slain by a leopard gecko

Vault maps used:
D:1:      lightli_iron_boxes
D:2:      nicolae_overflow_hidden_temple,
          nicolae_dithmenos_through_a_glass_darkly, first_bread,
          nemelex_diamond_rough_becter

Skill      XL: |  1 |
---------------+----+-----
Crossbows      | 2 |  2.7
Fighting       | |  1.0
Dodging        | |  1.7
Spellcasting   | |  1.3
Hexes          | |  2.8

Action                   || total
-------------------------++-------
 Fire: Hand crossbow     ||    26
 Cast: Corona            ||     8
Armor: Robe              ||     3
Dodge: Dodged            ||    13
